 Dungeon Crawl Stone Soup version 0.28.0-49-g6dfe1f597d (webtiles) character file.

Game seed: 7476515029066357

626 Zeld the Changer (level 7, -6/55 HPs)
             Began as an Octopode Transmuter on May 11, 2022.
             Was an Initiate of Gozag.
             Mangled by a killer bee (8 damage)
             ... on level 5 of the Dungeon.
             The game lasted 00:05:15 (6076 turns).

Zeld the Changer (Octopode Transmuter)              Turns: 6076, Time: 00:05:16

Health: -6/55      AC:  6    Str: 11    XL:     7   Next: 47%
Magic:  12/12      EV: 10    Int: 15    God:    Gozag
Gold:   177        SH:  0    Dex: 13    Spells: 3/13 levels left

rFire   x . .      SeeInvis .     - Unarmed
rCold   + + +      Faith    .   (shield currently unavailable)
rNeg    . . .      Spirit   .   (helmet currently unavailable)
rPois   +          Reflect  .   (no amulet)
rElec   .          Harm     .   (no ring)
rCorr   .          Rampage  .   (no ring)
Will    .....                   (no ring)
Stlth   ++........              (no ring)
HPRegen 0.18/turn               (no ring)
MPRegen 0.13/turn               (no ring)
                                (no ring)
                                (no ring)

@: ice-form, gold aura
A: freezing attack, boosted hp, almost no armour, amphibious, 8 rings, large,
(camouflage 1), (gelatinous body 1), (nimble swimmer 1), (tentacles)
a: End Transformation, Renounce Religion, Potion Petition, Call Merchant, Bribe
Branch


You were on level 5 of the Dungeon.
You worshipped Gozag.
Gozag was aware of your devotion.
You were a creature of crystalline ice.
You visited 2 branches of the dungeon, and saw 6 of its levels.

You collected 224 gold pieces.
You paid 47 gold pieces to Gozag.

Inventory:

Wands
 i - a wand of paralysis (5)
 n - a wand of acid (7)
 o - a wand of iceblast (4)
Scrolls
 d - a scroll of fog {unknown}
 e - 2 scrolls of noise {unknown}
 f - a scroll of identify {unknown}
 h - a scroll of teleportation {unknown}
 j - a scroll of vulnerability {unknown}
 k - a scroll of blinking {unknown}
 m - a scroll of magic mapping {unknown}
 p - a scroll of enchant weapon {unknown}
Potions
 a - 2 potions of magic {unknown}
 b - a potion of might {unknown}
 c - a potion of degeneration {unknown}
 g - 3 potions of lignification {unknown}
 l - 2 potions of curing {unknown}
 r - a potion of flight {unknown}


   Skills:
 * Level 3.3 Fighting
 + Level 3.2 Dodging
 + Level 3.1 Stealth
 - Level 3.0 Unarmed Combat
 * Level 3.6 Spellcasting
 * Level 3.9 Transmutations
 - Level 2.0 Ice Magic
 - Level 2.0 Poison Magic
 * Level 2.0 Evocations


You had 3 spell levels left.
You knew the following spells:

 Your Spells              Type           Power      Damage    Failure   Level
a - Beastly Appendage     Tmut           28%        N/A       3%          1
b - Wereblood             Tmut           14%        N/A       6%          2
c - Spider Form           Tmut/Pois      11%        N/A       17%         3
d - Ice Form              Ice/Tmut       11%        N/A       50%         4

Your spell library contained the following spells:

 Spells                   Type           Power      Damage    Failure   Level
 Foxfire                  Conj/Fire      8%         2x1d4     19%         1
 Ozocubu's Armour         Ice            8%         N/A       26%         3
 Sublimation of Blood     Necr           2%         N/A       28%         2
 Conjure Flame            Conj/Fire      2%         6-21      50%         3
 Inner Flame              Hex/Fire       2%         N/A       50%         3
 Flame Wave               Conj/Fire      2%         2d4       88%         4
 Metabolic Englaciation   Hex/Ice        2%         N/A       98%         5
 Simulacrum               Ice/Necr       2%         N/A       100%        6
 Summon Hydra             Summ           1%         N/A       100%        7


Dungeon Overview and Level Annotations

Branches:
Dungeon (5/15)             Temple (1/1) D:4

Altars:
Ashenzari
Cheibriados
Dithmenos
Fedhas
Gozag
Hepliaklqana
Kikubaaqudgha
Okawaru
Ru
Sif Muna
Uskayaw
Vehumet
Wu Jian
Yredelemnul
Zin

Annotations:
D:3 Ijyb
D:4 1 runed translucent door
D:5 exclusion: killer bee, Prince Ribbit


Innate Abilities, Weirdness & Mutations

You are a creature of crystalline ice.
You have a powerful freezing melee attack.
Your maximum health is increased.
Your armour is entirely melded.
You are incapable of wielding weapons or throwing items.
You cannot wear most types of armour.
You are amphibious.
You can wear up to eight rings at the same time.
((Your skin changes colour to match your surroundings (Stealth+).))
((Your rubbery body absorbs attacks. (AC +1, EV +1)))
((You are camouflaged when in or above water. (Stealth+)))
((You have tentacles for arms and can constrict up to eight enemies at once.))


Message History

The ogre hits you with a +0 giant spiked club.
The killer bee barely misses you.
You barely miss the killer bee. The killer bee barely misses you.
The ogre hits you with a +0 giant spiked club!
* * * LOW HITPOINT WARNING * * *
The killer bee stings you but does no damage.
Unknown command.
You hit the ogre. You freeze the ogre.
The ogre is almost dead.
The killer bee barely misses you. The killer bee stings you.
* * * LOW HITPOINT WARNING * * *
Unknown command.
You hit the ogre. You freeze the ogre.
You kill the ogre!
The killer bee stings you.
* * * LOW HITPOINT WARNING * * *
The killer bee barely misses you.
Training target 2.0 for Ice Magic reached!
Your Ice Magic skill increases to level 2!
Your Evocations skill increases to level 2!
You hit the killer bee. You freeze the killer bee.
The killer bee is moderately wounded.
The killer bee stings you.
* * * LOW HITPOINT WARNING * * *
You hit the killer bee. You freeze the killer bee.
The killer bee is severely wounded.
The killer bee stings you.
* * * LOW HITPOINT WARNING * * *
The killer bee misses you.
You hit the killer bee. You freeze the killer bee.
The killer bee is almost dead.
The killer bee stings you but does no damage.
The killer bee stings you.
* * * LOW HITPOINT WARNING * * *
You hit the killer bee. You freeze the killer bee.
The killer bee is almost dead.
The killer bee stings you but does no damage.
The killer bee stings you!
You die...
Your body crumbles into a pile of gold.

#..........######.....
###.....................
#.......................
........................
..).....................
...##......##...........
####.......###..........
# #........####y$.......
##.........# ##Y.......
##..........## #......##
#...#........# ##....##
...##.........##.....##
..####..#.............#
.##
#..##............#### ##
#..###............... #
#...#................
##..........n<.......


You could see a killer bee.

Vanquished Creatures
  An ogre (D:5)
  Blork the orc (D:5)
  A scorpion (D:4)
  2 killer bees (D:5)
  A jelly (D:4)
  Crazy Yiuf (D:2)
  A centaur skeleton (D:3)
  An iguana (D:5)
  2 orc wizards (D:4)
  Terence (D:2)
  2 gnolls
  3 adders
  A shadow imp (D:5)
  A worm (D:2)
  5 dart slugs
  8 orcs
  7 ball pythons
  5 bats
  6 endoplasms
  2 giant cockroaches
  9 goblins
  5 hobgoblins
  2 quokkas
  A frilled lizard (D:1)
  5 kobolds
  8 rats
82 creatures vanquished.

Vanquished Creatures (others)
  3 plants (D:4)
  8 withered plants (D:2)
11 creatures vanquished.

Grand Total: 93 creatures vanquished

Notes
Turn   | Place    | Note
-------+----------+-------------------------------------------
     0 | D:1      | Zeld the Octopode Transmuter began the quest for the Orb.
     0 | D:1      | Reached XP level 1. HP: 13/13 MP: 3/3
   390 | D:1      | Reached XP level 2. HP: 17/18 MP: 5/5
   417 | D:1      | Learned a level 2 spell: Wereblood
   757 | D:1      | Reached XP level 3. HP: 23/23 MP: 6/6
   761 | D:1      | Learned a level 3 spell: Spider Form
   895 | D:1      | Reached skill level 1 in Poison Magic
  1302 | D:2      | Identified the +1 mace of Vagy {venom, rC- Str+7}
  1308 | D:2      | Found a runed translucent door.
  1309 | D:2      | Noticed Crazy Yiuf
  1643 | D:2      | Reached skill level 1 in Stealth
  1736 | D:2      | Noticed Terence
  1753 | D:2      | Killed Terence
  1754 | D:2      | Reached XP level 4. HP: 10/29 MP: 1/7
  2125 | D:2      | Found a faded altar of an unknown god.
  2271 | D:2      | Killed Crazy Yiuf
  2272 | D:2      | Reached skill level 1 in Ice Magic
  2272 | D:2      | Reached XP level 5. HP: 29/34 MP: 6/8
  2495 | D:2      | Found an ornate altar of the Wu Jian Council.
  3011 | D:3      | Found a blossoming altar of Fedhas.
  3711 | D:3      | Noticed Ijyb
  4451 | D:4      | Found a runed translucent door.
  4451 | D:4      | Noticed a human
  4452 | D:4      | Found a basalt altar of Yredelemnul.
  4638 | D:4      | Found a staircase to the Ecumenical Temple.
  4654 | D:4      | Found a shimmering blue altar of Sif Muna.
  4665 | Temple   | Entered the Ecumenical Temple
  4681 | Temple   | Became a worshipper of Gozag Ym Sagoz the Greedy
  4762 | D:4      | Found a radiant altar of Vehumet.
  4776 | D:4      | Reached XP level 6. HP: 39/41 MP: 8/10
  4783 | D:4      | Learned a level 4 spell: Ice Form
  5418 | D:5      | Entered Level 5 of the Dungeon
  5418 | D:5      | Noticed Blork the orc
  5421 | D:5      | Noticed a necrophage
  5732 | D:5      | Reached skill level 1 in Evocations
  5867 | D:5      | Noticed Prince Ribbit
  5881 | D:5      | Killed Blork the orc
  5882 | D:5      | Reached XP level 7. HP: 27/46 MP: 8/11
  6075 | D:5      | HP: 2/55 [killer bee (2)]
  6076 | D:5      | Mangled by a killer bee

Illustrated notes

Levels and vault maps discovered:
D:1:      ebering_trefoil_3fold, layout_basic
D:2:      layout_loops_ring, ebering_ecumenical_altar_petrified, basic_altar,
          serial_forest, infiniplex_forest_lined_1,
          infiniplex_forest_clump_small, infiniplex_forest_zigzag_2,
          infiniplex_forest_lined_2, infiniplex_forest_straight_1,
          infiniplex_forest_clump_C, grunt_decor_arrowhead,
          uniq_crazy_yiuf_cottage, uniq_terence
D:3:      minmay_skewed_foursquare, layout_basic, fedhas_altar_2,
          minmay_ruptured, uniq_ijyb
D:4:      layout_basic, fiery_altar_vehumet, dk_yredelemnul_ordeal,
          mainiacjoe_overflow_small_starburst, minmay_temple_entry_mist,
          serial_bayou_crossing
D:5:      layout_layer_cave, nicolae_overflow_hidden_temple, uniq_blork_the_orc,
          uniq_prince_ribbit1
Temple:   zaba_magenta_temple

Skill      XL: |  1  2  3  4  5  6  7 |
---------------+----------------------+-----
Poison Magic   | 1 2 |  2.0
Stealth        | 1 2 3 |  3.1
Fighting       | 2 3 |  3.3
Ice Magic      | 1 2 |  2.0
Transmutations | 3 |  3.9
Spellcasting   | 3 |  3.6
Evocations     | 1 2 |  2.0
Dodging        | 3 |  3.2
Unarmed Combat | |  3.0

Action                   |  1- 3 |  4- 6 |  7- 9 || total
-------------------------+-------+-------+-------++-------
Melee: Unarmed           |    27 |   120 |    22 ||   169
       Constrict         |    16 |    29 |       ||    45
       Tentacles         |     7 |    22 |       ||    29
       Dagger            |    32 |       |       ||    32
       Punch             |     2 |     4 |       ||     6
       Kick              |     7 |    37 |       ||    44
 Cast: Beastly Appendage |     9 |    34 |       ||    43
       Spider Form       |     2 |     4 |     1 ||     7
       Ice Form          |       |       |     1 ||     1
 Abil: End Transformatio |       |     1 |       ||     1
  Use: Potion            |       |       |     1 ||     1
 Stab: Sleeping          |     6 |    10 |       ||    16
Armor: Skin              |     5 |     8 |     6 ||    19
Dodge: Dodged            |    35 |    54 |    25 ||   114
